 Dungeon Crawl Stone Soup version 0.21-a0-624-g16f8e2c (webtiles) character file.

80 TheGoonsmith the Magician (level 4, -2/27 HPs)
             Began as an Octopode Wizard on Dec 23, 2017.
             Slain by Menkaure (15 damage)
             ... on level 4 of the Dungeon.
             The game lasted 00:04:09 (2988 turns).

TheGoonsmith the Magician (Octopode Wizard)         Turns: 2988, Time: 00:04:10

Health: -2/27      AC:  1    Str:  6    XL:     4   Next: 39%
Magic:  6/10       EV: 13    Int: 21    God:
Gold:   185        SH:  0    Dex: 10    Spells: 2/11 levels left

rFire    . . .     SeeInvis +   d - -3 club (curse)
rCold    . . .     Gourm    .   (no shield)
rNeg     . . .     Faith    .   a - +0 hat
rPois    .         Spirit   .   (no amulet)
rElec    .         Reflect  .   j - ring of see invisible
rCorr    .         Harm     .   (no ring)
MR       .....                  (no ring)
Stlth    +++.......             (no ring)
HPRegen  0.09/turn              (no ring)
MPRegen  0.12/turn              (no ring)
                                (no ring)
                                (no ring)

@: no status effects
A: almost no armour, stealthy swim, amphibious, 8 rings, constrict 8, camouflage
1, gelatinous body 1
a: no special abilities


You were on level 4 of the Dungeon.
You were not hungry.

You visited 1 branch of the dungeon, and saw 4 of its levels.

You collected 185 gold pieces.

Inventory:

Hand Weapons
 d - a cursed -3 club (weapon)
 g - a +1 whip
Armour
 a - a +0 hat (worn)
Magical Staves
 k - an uncursed staff of poison {unknown}
Jewellery
 j - a ring of see invisible (left tentacle)
 m - an uncursed amulet of guardian spirit {unknown}
Scrolls
 h - a scroll of enchant armour {unknown}
 n - a scroll of random uselessness {unknown}
Potions
 e - 2 potions of cancellation {unknown}
 f - a potion of agility {unknown}
 i - a potion of lignification {unknown}
 l - a potion of heal wounds {unknown}
Books
 b - a book of Minor Magic

   Spells                             Type                      Level
   a - Magic Dart                     Conjuration                  1
   b - Blink                          Translocation                2
   c - Call Imp                       Summoning                    2
   d - Slow                           Hexes                        2
   e - Conjure Flame                  Conjuration/Fire             3
   f - Mephitic Cloud                 Conjuration/Poison/Air       3
Comestibles
 c - 3 rations
 o - 2 chunks of flesh


   Skills:
 - Level 2.0 Dodging
 - Level 2.6 Stealth
 - Level 4.0 Spellcasting
 + Level 2.9 Conjurations
 - Level 1.0 Summonings
   Level 1.0 Translocations


You had 2 spell levels left.
You knew the following spells:

 Your Spells              Type           Power        Failure   Level  Hunger
a - Magic Dart            Conj           ###.         3%          1    None
b - Call Imp              Summ           #.......     12%         2    #......
c - Conjure Flame         Conj/Fire      ##......     21%         3    ###....
x - Mephitic Cloud        Conj/Pois/Air  #.......     24%         3    ###....


Dungeon Overview and Level Annotations

Branches:
Dungeon (4/15)
 Temple: D:4-7

Altars:
Elyvilon
The Shining One

Annotations:
D:3 Sigmund; Terence; TheGoonsmith's ghost, amateur GrEE
D:4 Menkaure


Innate Abilities, Weirdness & Mutations

You cannot wear most types of armour.
You are very stealthy in the water. (Stealth+)
You are amphibious.
You can wear up to eight rings at the same time.
You can use your tentacles to constrict eight enemies at once.
Your skin changes colour to match your surroundings (Stealth+).
Your rubbery body absorbs attacks. (AC +1, EV +1)


Message History

You constrict Menkaure, but do no damage.
Menkaure misses you.
Casting: Magic Dart
Confirm with . or Enter, or press ? or * to list all spells.
Aiming: Magic Dart
Press: ? - help, Shift-Dir - straight line, f/p - Menkaure
Aim: Menkaure (moderately damaged, held by you)
The magic dart hits Menkaure.
Menkaure is moderately damaged.
You constrict Menkaure. Menkaure barely misses you.
Casting: Magic Dart
Confirm with . or Enter, or press ? or * to list all spells.
Aiming: Magic Dart
Press: ? - help, Shift-Dir - straight line, f/p - Menkaure
Aim: Menkaure (moderately damaged, held by you)
The magic dart hits Menkaure.
Menkaure is heavily damaged.
You constrict Menkaure. Menkaure hits you!
Ouch! That really hurt!
You die...

....####### ###.......#
........#.# #######.#.# #.#.#
####### #.#.# #.....# #.#.#
#.....# #######.#.# #.....#
#....M@.#.# #.....## #........#.#
.......# #........#.#
.......#.#........#.#
.......#.#........#.#.# ....
.#####.#.#........#.#.##.....#..
.#...#.#.#........#.#.##.......##
.#.#.#.#.#........#.#.##........
.#<#.#.#.#.# #.#.........# #


You could see Menkaure.

Vanquished Creatures
  3 adders
  4 worms
  A dart slug (D:1)
  2 leopard geckos
  A ball python (D:3)
  4 giant cockroaches
  4 goblins
  2 hobgoblins (D:1)
  3 jackals (D:2)
  6 kobolds
  2 quokkas
  A bat (D:3)
  A jackal skeleton (D:4)
  A rat (D:1)
35 creatures vanquished.

Notes
Turn   | Place    | Note
-------+----------+-------------------------------------------
     0 | D:1      | TheGoonsmith the Octopode Wizard began the quest for the Orb.
     0 | D:1      | Reached XP level 1. HP: 11/11 MP: 4/4
   213 | D:1      | Reached XP level 2. HP: 14/17 MP: 0/6
  1324 | D:2      | Reached XP level 3. HP: 20/21 MP: 1/8
  2116 | D:2      | Reached XP level 4. HP: 27/27 MP: 4/9
  2379 | D:3      | Noticed Terence
  2390 | D:3      | Learned a level 3 spell: Mephitic Cloud
  2394 | D:3      | Noticed TheGoonsmith's ghost (amateur GrEE)
  2394 | D:3      | Learned a level 3 spell: Conjure Flame
  2401 | D:2      | Learned a level 2 spell: Call Imp
  2439 | D:3      | Noticed Sigmund
  2591 | D:4      | Found a white marble altar of Elyvilon.
  2818 | D:4      | Found a glowing golden altar of the Shining One.
  2851 | D:4      | Reached skill level 4 in Spellcasting
  2980 | D:4      | Noticed Menkaure
  2988 | D:4      | Slain by Menkaure

Vault maps used:
D:1:      sevenhm_arrival_forest_fort_large_4
D:2:      palyth_stone_intersect
D:3:      uniq_robin, uniq_jessica, uniq_terence, uniq_sigmund
D:4:      good_gods_mini_temple, eat_drink_and_be_merry_uskayaw,
          old_standard_altar, first_ration, uniq_menkaure

Skill      XL: |  1  2  3  4 |
---------------+-------------+-----
Conjurations   | 2 |  2.9
Spellcasting   | 4 |  4.0
Dodging        | |  2.0
Stealth        | |  2.6
Summonings     | |  1.0
Translocations | |  1.0

Action                   |  1- 3 |  4- 6 || total
-------------------------+-------+-------++-------
Melee: Club              |    20 |     6 ||    26
       Tentacles         |     3 |       ||     3
       Constrict         |     5 |     2 ||     7
 Cast: Magic Dart        |    84 |    35 ||   119
  Use: Scroll            |       |     2 ||     2
  Eat: Chunk             |     3 |     3 ||     6
Armor: Skin              |       |     2 ||     2
Dodge: Dodged            |    22 |    14 ||    36

Table legend:
 A = Spawn XP
 B = Non-spawn XP
 C = Spawn XP percentage of total XP
 D = Spawn monster count
 E = Non-spawn monster count
 F = Spawn count percentage of total count
 G = Total turns spent on level
                    A         B        C        D         E        F      G
               +---------+---------+-------+---------+---------+-------+---------
         Total |       0 |     115 |   0.0 |       0 |      35 |   0.0 |  2988
               +---------+---------+-------+---------+---------+-------+---------
           D:1 |       0 |      28 |   0.0 |       0 |      13 |   0.0 |  1208
           D:2 |       0 |      58 |   0.0 |       0 |      14 |   0.0 |  1223
           D:3 |       0 |       7 |   0.0 |       0 |       4 |   0.0 |   142
           D:4 |       0 |      22 |   0.0 |       0 |       4 |   0.0 |   415
               +---------+---------+-------+---------+---------+-------+---------
